 Dungeon Crawl Stone Soup version 0.29-a0-303-ge4682ce883 (webtiles) character file.

Game seed: 10788181176604066626

807 HotDog the Covered (level 7, -4/44 HPs)
             Began as a Gargoyle Fighter on Mar 25, 2022.
             Slain by a steam dragon (5 damage)
             ... on level 6 of the Dungeon.
             The game lasted 00:06:45 (5329 turns).

HotDog the Covered (Gargoyle Fighter)               Turns: 5329, Time: 00:06:46

Health: -4/44      AC: 14    Str: 19    XL:     7   Next: 92%
Magic:  8/8        EV: 10    Int:  9    God:
Gold:   211        SH:  5    Dex: 11    Spells: 6/6 levels left

rFire   . . .      SeeInvis .   j - +3 whip
rCold   . . .      Faith    .   c - +0 buckler
rNeg    + . .      Spirit   .   b - +0 scale mail
rPois   ∞          Reflect  .   g - +0 helmet
rElec   +          Harm     .   h - +0 cloak
rCorr   .          Rampage  .   (no gloves)
Will    .....                   (no boots)
Stlth   ..........              (no amulet)
HPRegen 0.14/turn               (no ring)
MPRegen 0.11/turn               (no ring)

@: weak-willed
A: sickness immunity, AC +4, negative energy resistance 1, electricity
resistance, torment resistance 1, petrification resistance
a: no special abilities


You were on level 6 of the Dungeon.
You visited 1 branch of the dungeon, and saw 6 of its levels.

You collected 211 gold pieces.

Inventory:

Hand Weapons
 a - a +1 flail
 j - a +3 whip (weapon)
Armour
 b - a +0 scale mail (worn)
 c - a +0 buckler (worn)
 g - a +0 helmet (worn)
 h - a +0 cloak (worn)
Jewellery
 m - a ring of ice
Wands
 i - a wand of charming (5)
Scrolls
 l - a scroll of fog
Potions
 d - a potion of ambrosia {unknown}
 e - a potion of brilliance
 f - a potion of berserk rage {unknown}
 k - 3 potions of haste
 n - 2 potions of attraction {unknown}


   Skills:
 * Level 4.6 Fighting
 * Level 5.1 Maces & Flails
 * Level 5.9 Armour
 * Level 2.0 Dodging
 - Level 0.3 Stealth
 * Level 4.7 Shields
 * Level 1.4 Invocations


You had 6 spell levels left.
You didn't know any spells.
Your spell library contained the following spells:

 Spells                   Type           Power      Damage    Failure   Level
 Foxfire                  Conj/Fire      0%         2x1d4     82%         1
 Blink                    Tloc           0%         N/A       91%         2
 Conjure Flame            Conj/Fire      0%         6-21      99%         3
 Inner Flame              Hex/Fire       0%         N/A       99%         3
 Flame Wave               Conj/Fire      0%         2d4       100%        4
 Manifold Assault         Tloc           0%         N/A       100%        5
 Storm Form               Tmut/Air       0%         N/A       100%        7


Dungeon Overview and Level Annotations

Branches:
Dungeon (6/15)
 Temple: D:4-7

Altars:
Hepliaklqana
Nemelex Xobeh
Uskayaw
Vehumet
Wu Jian
Zin


Innate Abilities, Weirdness & Mutations

You are immune to sickness and miasma.
Your stone body is resilient. (AC +4)
You are immune to poison.
You resist negative energy. (rN+)
You are resistant to electric shocks. (rElec)
You are resistant to unholy torment.
You are immune to petrification.


Message History

The gnoll is lightly wounded.
You block the gnoll's attack.
You hit the gnoll.
The gnoll is moderately wounded.
The gnoll is no longer moving quickly.
The gnoll hits you but does no damage.
You hit the gnoll but do no damage.
The gnoll is moderately wounded.
The gnoll hits you with a +0 club. The steam dragon breathes steam at you.
The ball of steam hits you!
You hear an angry hiss.
You hear a shout!
You barely miss the gnoll.
The gnoll is moderately wounded.
An adder comes into view.
The gnoll barely misses you.
You hit the gnoll but do no damage.
The gnoll is moderately wounded.
You are engulfed in a cloud of scalding steam.
The gnoll is engulfed in a cloud of scalding steam.
The gnoll dies!
A howler monkey and a centaur come into view.
You are engulfed in a cloud of scalding steam.
The howler monkey howls!
The centaur shouts!
You hear a shout!
The steam dragon closely misses you. The steam dragon completely misses you.
The centaur wields a +0 shortbow.
The centaur shoots an arrow.
The arrow hits you!
Things that are here:
a +0 club; a +0 ring mail
As you read the scroll of fog, it crumbles to dust.
The scroll dissolves into smoke.
The steam dragon bites you.
* * * LOW HITPOINT WARNING * * *
You block the steam dragon's attack.
The centaur shoots an arrow.
The arrow hits you.
* * * LOW HITPOINT WARNING * * *
As you read the scroll labelled WAELEA QEUQI, it crumbles to dust.
Magic quickly surges around you.
It was a scroll of vulnerability.
The centaur shoots an arrow.
The arrow hits you.
* * * LOW HITPOINT WARNING * * *
The steam dragon bites you.
You die...

.. c# .# .#
#######.##
#......§.#
#....§§§§##
#...§§@§§.#
#...§D§§§.....
#....§§§S..###
#.$..$.....#
#....?...#.h.
#........##.#.
#........# ...
########## #.


You could see a steam dragon (weak-willed), a centaur (weak-willed), a howler
monkey (weak-willed) and an adder (weak-willed).

Vanquished Creatures
  Grinder (D:5)
  Pargi (D:4)
  An ice beast (D:4)
  A necrophage (D:4)
  A howler monkey (D:5)
  A hound (D:5)
  A gnoll shaman (D:5)
  3 iguanas
  2 orc wizards (D:5)
  6 gnolls
  An ufetubus (D:5)
  2 worms (D:2)
  2 orcs
  5 ball pythons
  7 endoplasms
  3 giant cockroaches
  5 goblins
  5 hobgoblins
  3 quokkas
  6 bats
  2 frilled lizards
  9 kobolds
  6 rats
74 creatures vanquished.

Vanquished Creatures (others)
  A gnoll (D:6)
1 creature vanquished.

Grand Total: 75 creatures vanquished

Notes
Turn   | Place    | Note
-------+----------+-------------------------------------------
     0 | D:1      | HotDog the Gargoyle Fighter began the quest for the Orb.
     0 | D:1      | Reached XP level 1. HP: 14/14 MP: 1/1
   339 | D:1      | Reached XP level 2. HP: 18/19 MP: 2/2
  1234 | D:1      | Reached XP level 3. HP: 23/23 MP: 3/3
  2328 | D:3      | Found a radiant altar of Vehumet.
  2418 | D:5      | Entered Level 5 of the Dungeon
  2418 | D:5      | Noticed Grinder
  2424 | D:5      | Reached XP level 4. HP: 6/29 MP: 4/4
  2437 | D:5      | Killed Grinder
  2438 | D:5      | Reached skill level 1 in Dodging
  2438 | D:5      | Reached XP level 5. HP: 11/33 MP: 5/5
  2438 | D:5      | Reached XP level 6. HP: 13/38 MP: 6/6
  2712 | D:5      | Reached skill level 5 in Armour
  3149 | D:5      | Found a glowing silver altar of Zin.
  3414 | D:4      | Reached XP level 7. HP: 17/43 MP: 7/7
  3810 | D:4      | Found a sparkling altar of Nemelex Xobeh.
  4390 | D:4      | Found a hazy altar of Hepliaklqana.
  4415 | D:4      | Found a hide-covered altar of Uskayaw.
  4416 | D:4      | Found an ornate altar of the Wu Jian Council.
  4519 | D:4      | Noticed Pargi
  4544 | D:4      | Killed Pargi
  4545 | D:4      | Reached skill level 1 in Invocations
  5157 | D:5      | Reached skill level 5 in Maces & Flails
  5319 | D:6      | Noticed a steam dragon
  5329 | D:6      | HP: 1/44 [centaur/arrow (2)]
  5329 | D:6      | Slain by a steam dragon

Illustrated notes

Levels and vault maps discovered:
D:1:      dpeg_arrival_circle_labyrinth_c, layout_basic, minmay_bisected
D:2:      layout_rooms, wander_ebering_terrifying_dragon_lair
D:3:      layout_loops_ring, nicolae_vehumet_altar_sigil, glass_columns_a,
          minmay_misc_feat_rows
D:4:      layout_cave_pods, nicolae_hepliaklqana_hippocampus,
          nemelex_spade_bored_becter, grunt_temple_overflow_open, uniq_pargi
D:5:      layout_loops_ring, zin_treasury, ebering_ghost_reflecting_pool,
          uniq_blork_the_orc, uniq_grinder
D:6:      layout_rooms, ebering_ghost_sewer_f, nicolae_shop_fire_sale
          [nicolae_sub_dead_trees]

Skill      XL: |  1  2  3  4  5  6  7 |
---------------+----------------------+-----
Armour         | 4 5 |  5.9
Fighting       | 4 |  4.6
Maces & Flails | 3 4 5 |  5.1
Dodging        | 1 2 |  2.0
Shields        | 4 |  4.7
Invocations    | 1 |  1.4
Stealth        | |  0.3

Action                   |  1- 3 |  4- 6 |  7- 9 || total
-------------------------+-------+-------+-------++-------
Melee: Flail             |    40 |       |       ||    40
       Whip              |    63 |   115 |   126 ||   304
  Use: Scroll            |     5 |     1 |     2 ||     8
       Potion            |       |     5 |       ||     5
Armor: Scale mail        |    61 |    64 |    88 ||   213
Dodge: Dodged            |    48 |    34 |    80 ||   162
Block: Buckler           |    23 |    19 |    38 ||    80

Table legend: (Time is in decaauts)
 A = Elapsed time spent in this place.
 B = Non-inter-level travel time spent in this place.
 C = Inter-level travel time spent in this place.
 D = Time resting spent in this place.
 E = Time spent auto-exploring this place.
 F = Levels seen in this place.
 G = Mean time per level.
                   A        B        C        D        E       F      G
               +--------+--------+--------+--------+--------+-----+--------+
         Total |   5309 |   5040 |    269 |    769 |   3492 |   6 |  884.8 |
       Dungeon |   5309 |   5040 |    269 |    769 |   3492 |   6 |  884.8 |
               +--------+--------+--------+--------+--------+-----+--------+

Top non-repeatable levels by time:
     D:4: 1751 daAuts
     D:1: 1628 daAuts
     D:5: 1127 daAuts
     D:2: 676 daAuts
     D:3: 116 daAuts
     D:6: 8 daAuts
